 Dungeon Crawl Stone Soup version 0.27.1-2-g3b301248ec (webtiles) character file.

Game seed: 17815749412364614155

191 Metae the Covered (level 5, 0/47 HPs)
             Began as a Minotaur Fighter on Sept 30, 2021.
             Was an Initiate of Okawaru.
             Slain by an orc (7 damage)
             ... on level 4 of the Dungeon.
             The game lasted 00:07:34 (3406 turns).

Metae the Covered (Minotaur Fighter)                Turns: 3406, Time: 00:07:34

Health: 0/47       AC:  8    Str: 22    XL:     5   Next: 42%
Magic:  4/4        EV:  7    Int:  5    God:    Okawaru [......]
Gold:   144        SH:  0    Dex:  9    Spells: 4/4 levels left

rFire    + . .     SeeInvis .   a - +0 trident
rCold    x . .     Faith    .   c - +0 kite shield
rNeg     . . .     Spirit   .   b - +0 scale mail
rPois    .         Reflect  .   (helmet restricted)
rElec    .         Harm     .   (no cloak)
rCorr    .         Rampage  .   (no gloves)
Will     .....                  w - +0 pair of boots
Stlth    ..........             (no amulet)
HPRegen  0.15/turn              e - ring of fire
MPRegen  0.09/turn              (no ring)

@: confused, mighty
A: horns 2, retaliatory headbutt
a: Renounce Religion


You were on level 4 of the Dungeon.
You worshipped Okawaru.
Okawaru was noncommittal.
You visited 2 branches of the dungeon, and saw 5 of its levels.

You collected 144 gold pieces.

Inventory:

Hand Weapons
 a - a +0 trident (weapon)
 j - a +0 hunting sling
Missiles
 h - 2 boomerangs (quivered)
 l - 41 stones
 v - 25 sling bullets
Armour
 b - a +0 scale mail (worn)
 c - a +0 kite shield (worn)
 w - a +0 pair of boots (worn)
Jewellery
 e - a ring of fire (left hand)
Scrolls
 g - a scroll of fear {unknown}
 i - a scroll of enchant weapon {unknown}
 k - a scroll of vulnerability {unknown}
 m - a scroll of enchant armour {unknown}
 o - 2 scrolls of teleportation {unknown}
 p - 2 scrolls of identify {unknown}
 q - a scroll of amnesia {unknown}
 u - a scroll of silence {unknown}
 x - 2 scrolls of noise {unknown}
Potions
 f - a potion of invisibility {unknown}
 n - a potion of curing {unknown}
 r - a potion of degeneration {unknown}
 s - a potion of brilliance {unknown}
 t - a potion of haste {unknown}


   Skills:
 + Level 4.9 Fighting
 + Level 4.0 Polearms
 + Level 4.9 Armour
 + Level 4.8 Shields


You had 4 spell levels left.
You didn't know any spells.
Your spell library was empty.

Dungeon Overview and Level Annotations

Branches:
Dungeon (4/15)             Temple (1/1) D:4

Altars:
Ashenzari
Cheibriados
Dithmenos
Elyvilon
Gozag
Hepliaklqana
Kikubaaqudgha
Nemelex Xobeh
Okawaru
Qazlal
Sif Muna
Uskayaw
Vehumet
Xom
Yredelemnul
Zin
The Shining One

Annotations:
D:4 1 runed translucent door


Innate Abilities, Weirdness & Mutations

You have a pair of horns on your head.
You reflexively headbutt those who attack you in melee.


Message History

You miss something. You block the orc's attack.
You hear some strange, mumbled words.
A magic dart appears from out of thin air!
The magic dart hits you.
You hit something. You headbutt something. The orc hits you with a +0 flail.
Something hits you.
You closely miss something. Your headbutt misses something.
The orc hits you with a +0 flail. Something completely misses you.
The orc hits you with a +0 flail.
You closely miss something.
You hear some strange, mumbled words.
You are confused.
The orc hits you but does no damage.
You hear some strange, mumbled words.
Something tries to affect you, but you resist.
You feel very mighty all of a sudden. The orc hits you but does no damage.
Something hits you.
* * * LOW HITPOINT WARNING * * *
The orc hits you but does no damage.
You closely miss the orc. The orc barely misses you.
Something hits you but does no damage.
You bump into the rock wall.
The orc closely misses you.
You hear some strange, mumbled words.
You are more confused.
You bump into the rock wall.
The orc hits you with a +0 flail.
* * * LOW HITPOINT WARNING * * *
You hear some strange, mumbled words.
A puff of flame appears from out of thin air!
The puff of flame hits you. You resist.
* * * LOW HITPOINT WARNING * * *
You completely miss something. The orc hits you but does no damage.
Something hits you but does no damage. The orc hits you but does no damage.
You bump into the rock wall.
Something hits you but does no damage. The orc hits you but does no damage.
You bump into the rock wall.
Something hits you but does no damage. The orc barely misses you.
You bump into the rock wall.
Something hits you.
* * * LOW HITPOINT WARNING * * *
The orc hits you with a +0 flail!
You die...

## .# .# ##### .#
##...## .#
#P.P..## .#
####.##..####
.#####P#...#P..o@#
........)>....##{#
##.###P#...#P###o#
##.# ####.#### #.#
##.# #P.P# #.#
.... ....... ..#
.#.. ....##### ..#
.###..$#. ..# .#
#+##. #..#


You could see 2 orcs.

Vanquished Creatures
  A hound (D:4)
  5 adders
  3 worms
  3 dart slugs
  7 orcs
  4 bats
  9 endoplasms
  3 giant cockroaches
  7 goblins
  12 hobgoblins
  4 jackals (D:1)
  4 quokkas
  8 ball pythons
  3 frilled lizards
  7 kobolds
  12 rats
92 creatures vanquished.

Notes
Turn   | Place    | Note
-------+----------+-------------------------------------------
     0 | D:1      | Metae the Minotaur Fighter began the quest for the Orb.
     0 | D:1      | Reached XP level 1. HP: 19/19 MP: 0/0
    90 | D:1      | Reached XP level 2. HP: 26/27 MP: 1/1
   598 | D:1      | Reached XP level 3. HP: 27/33 MP: 2/2
  1164 | D:1      | Found a faded altar of an unknown god.
  1481 | D:2      | Reached XP level 4. HP: 41/41 MP: 3/3
  2896 | D:4      | Reached XP level 5. HP: 47/47 MP: 4/4
  3212 | D:4      | Found a staircase to the Ecumenical Temple.
  3221 | Temple   | Entered the Ecumenical Temple
  3274 | Temple   | Became a worshipper of Warmaster Okawaru
  3371 | D:4      | Found a runed translucent door.
  3406 | D:4      | Slain by an orc

Illustrated notes

Levels and vault maps discovered:
D:1:      dpeg_arrival_renting, layout_loops_ring,
          chequers_ecumenical_altar_twisty
D:2:      layout_basic
D:3:      layout_loops_ring, minmay_quadrilaterals
D:4:      layout_loops_ring, minmay_temple_entry_gardened_gates,
          ebering_ghost_inner_flame, uniq_crazy_yiuf_cottage
Temple:   minmay_crystal_snake_temple

Skill      XL: |  1  2  3  4  5 |
---------------+----------------+-----
Armour         | 4 |  4.9
Fighting       | 4 |  4.9
Shields        | 4 |  4.8
Polearms       | 3 4 |  4.0

Action                   |  1- 3 |  4- 6 || total
-------------------------+-------+-------++-------
Melee: Trident           |   112 |   130 ||   242
       Headbutt          |    12 |    17 ||    29
  Use: Potion            |       |     1 ||     1
Armor: Scale mail        |    56 |    73 ||   129
Dodge: Dodged            |    37 |    43 ||    80
Block: Kite shield       |    58 |    63 ||   121
